 Dungeon Crawl Stone Soup version 0.18-a0-1140-g8540535 (webtiles) character file.

184 namelastname112 the Agent of Entropy (level 5, -3/46 HPs)
             Began as a Draconian Abyssal Knight on Jan 22, 2016.
             Was a Priest of Lugonu.
             Slain by an orc priest
             ... wielding a +0 hand axe
              (4 damage)
             ... on level 4 of the Dungeon.
             The game lasted 00:04:52 (3142 turns).

namelastname112 the Agent of Entropy (DrAK)         Turns: 3142, Time: 00:04:52

Health: -3/46      AC:  6    Str: 14    XL:     5   Next: 36%
Magic:  8/8        EV: 12    Int: 13    God:    Lugonu [***...]
Gold:   115        SH:  0    Dex: 11    Spells: 0 memorised, 4 levels left

rFire  . . .     SeeInvis .     h - +1 dagger (elec)
rCold  . . .     Gourm    .     (armour unavailable)
rNeg   . . .     Faith    .     (no shield)
rPois  .         Spirit   .     (helmet restricted)
rElec  .         Dismiss  .     (no cloak)
rCorr  .         Reflect  .     q - +0 pair of gloves
SustAt .         Harm     .     (no boots)
MR     .....                    (no amulet)
Stlth  ..........               (no ring)
                                s - ring of loudness (curse)

@: not resistant to hostile enchantments, extremely unstealthy
A: unfitting armour, cold-blooded, AC +5
a: Depart the Abyss, Bend Space, Banish, Renounce Religion


You were on level 4 of the Dungeon.
You worshipped Lugonu.
Lugonu was most pleased with you.
You were not hungry.

You visited 1 branch of the dungeon, and saw 4 of its levels.
You visited the Abyss 1 time.

You collected 115 gold pieces.

Inventory:

Hand Weapons
 a - a +1 mace
 h - a +1 dagger of electrocution (weapon)
Armour
 q - a +0 pair of gloves (worn)
Jewellery
 s - a cursed ring of loudness (left hand)
Scrolls
 f - 2 scrolls of enchant weapon {unknown}
 g - 2 scrolls of random uselessness {unknown}
 i - 6 scrolls of identify {unknown}
 k - 2 scrolls of remove curse {unknown}
 l - 2 scrolls of fear {unknown}
 m - a scroll of enchant armour {unknown}
 n - a scroll of fog {unknown}
 p - a scroll of magic mapping {unknown}
 r - a scroll of teleportation {unknown}
 t - a scroll of immolation {unknown}
Potions
 d - a potion of invisibility {unknown}
 e - a potion of curing {unknown}
 o - a potion of brilliance {unknown}
 v - a potion of poison {unknown}
Books
 u - a book of Air

   Spells                             Type                      Level
   a - Shock                          Conjuration/Air              1
   b - Swiftness                      Charms/Air                   2
   c - Repel Missiles                 Charms/Air                   2
   d - Static Discharge               Conjuration/Air              3
   e - Lightning Bolt                 Conjuration/Air              5
Comestibles
 b - 2 bread rations
 c - a slice of pizza
 j - 2 meat rations


   Skills:
 + Level 3.8 Fighting
 * Level 3.6 Maces & Flails
 + Level 2.8 Dodging
 * Level 4.0 Invocations


You had 4 spell levels left.
You didn't know any spells.

Dungeon Overview and Level Annotations

Branches:
Dungeon (4/15)
 Temple: D:4-7

Altars:
Elyvilon
Gozag
Ru
Yredelemnul


Innate Abilities, Weirdness & Mutations

Your plain brown scales are hard (AC +5).
Your body does not fit into most forms of armour.
You are cold-blooded and may be slowed by cold attacks.


Message History

The orc hits you with an enchanted war axe.
The orc priest hits you with a hand axe.
You hit the orc priest.
The orc priest is severely wounded.
The orc closely misses you. The orc hits you but does no damage.
The orc priest closely misses you.
You barely miss the orc priest.
The orc priest is severely wounded.
The orc closely misses you. The orc barely misses you.
The orc priest hits you with a hand axe.
* * * LOW HITPOINT WARNING * * *
You completely miss the orc priest.
The orc priest is severely wounded.
The orc closely misses you. x2
The orc priest barely misses you.
You hit the orc priest.
The orc priest is almost dead.
The orc hits you with a war axe!
* * * LOW HITPOINT WARNING * * *
The orc priest hits you with a hand axe.
You die...

#. #.#
#####.#
.....#
..... #..#
#.o#####
#.o@...#
#.o###.#
#..# #..#
##..#
#...###.###
##
#.#........
.#
#.#.######.
.### #.#.#


You could see an orc priest and 2 orcs.

Vanquished Creatures
  A worker ant (D:4)
  8 adders
  An ooze (D:3)
  2 worms (D:3)
  3 giant geckos
  2 orcs
  2 ball pythons
  5 giant cockroaches
  6 hobgoblins
  7 jackals
  6 kobolds
  A quokka (D:2)
  8 bats
  7 giant newts
  8 goblins
  5 rats
72 creatures vanquished.

Notes
Turn   | Place    | Note
--------------------------------------------------------------
     0 | Abyss:1  | namelastname112 the Draconian Abyssal Knight began the quest for the Orb.
     0 | Abyss:1  | Reached XP level 1. HP: 19/19 MP: 2/2
    27 | Abyss:1  | Noticed a spatial vortex
    27 | Abyss:1  | Noticed a spatial vortex
    27 | Abyss:1  | Noticed a spatial vortex
    27 | Abyss:1  | Noticed a spatial vortex
    27 | Abyss:1  | Noticed a spatial vortex
    41 | Abyss:1  | Noticed a spatial vortex
    41 | Abyss:1  | Noticed a spatial vortex
    41 | Abyss:1  | Noticed a spatial vortex
    45 | D:1      | Escaped the Abyss
   456 | D:1      | Reached XP level 2. HP: 26/26 MP: 3/3
   555 | D:1      | Reached ** piety under Lugonu
   999 | D:2      | Found a basalt altar of Yredelemnul.
  1001 | D:2      | Reached XP level 3. HP: 31/31 MP: 5/5
  1686 | D:3      | Reached XP level 4. HP: 26/39 MP: 6/6
  1905 | D:3      | Found a white marble altar of Elyvilon.
  2122 | D:3      | Reached *** piety under Lugonu
  2313 | D:3      | Found an opulent altar of Gozag.
  2631 | D:3      | Reached XP level 5. HP: 17/46 MP: 7/7
  3075 | D:4      | Found a sacrificial altar of Ru.
  3083 | D:4      | Reached skill level 4 in Invocations
  3142 | D:4      | HP: 1/46 [orc/war axe (9)]
  3142 | D:4      | Slain by an orc priest

Vault maps used:
D:1:      scummos_arrival_checkerplants, st_stairs_13,
          wad_floor_pattern_untrapped, amethyst_killhole
D:2:      yredelemnul_altar_generic
D:3:      grunt_gozag_breadcrumbs, nicolae_overflow_hidden_temple,
          grunt_ministairs_13
D:4:      first_bread, minivault_11, nicolae_ru_awakened_eye
Abyss:1:  evilmike_abyss_exit_chaos

Action                   |  1- 3 |  4- 6 || total
-------------------------+-------+-------++-------
Melee: Mace              |    20 |       ||    20
       Dagger            |    75 |   130 ||   205
 Stab: Sleeping          |     1 |       ||     1
  Eat: Chunk             |     2 |     5 ||     7
